 Dungeon Crawl Stone Soup version 0.19.1-1-g22dce08 (webtiles) character file.

28 paradoxae the Skirmisher (level 3, 0/29 HPs)
             Began as a Demonspawn Abyssal Knight on Dec 30, 2016.
             Was a Believer of Lugonu.
             Slain by a rat (3 damage)
             ... on level 1 of the Dungeon.
             The game lasted 00:04:43 (738 turns).

paradoxae the Skirmisher (Demonspawn Abyssal Knight) Turns: 738, Time: 00:04:43

Health: 0/29       AC:  0    Str: 12    XL:     3   Next: 0%
Magic:  5/5        EV: 12    Int: 13    God:    Lugonu [**....]
Gold:   26         SH:  0    Dex: 13    Spells: 0 memorised, 2 levels left

rFire  . . .     SeeInvis .     (no weapon)
rCold  . . .     Gourm    .     (no armour)
rNeg   . . .     Faith    .     (no shield)
rPois  .         Spirit   .     (no helmet)
rElec  .         Reflect  .     (no cloak)
rCorr  .         Harm     .     (no gloves)
MR     .....                    (no boots)
Stlth  ++........               (no amulet)
                                (no ring)
                                (no ring)

@: no status effects
A: talons 1, nightstalker 1
a: Depart the Abyss, Bend Space, Renounce Religion


You were on level 1 of the Dungeon.
You worshipped Lugonu.
Lugonu was pleased with you.
You were not hungry.

You visited 1 branch of the dungeon, and saw 1 of its levels.
You visited the Abyss 1 time.

You collected 26 gold pieces.

Inventory:

Scrolls
 b - a scroll of identify {unknown}
 d - a scroll of amnesia {unknown}
 k - a scroll of noise {unknown}
Potions
 e - a potion of heal wounds {unknown}
 f - a potion of degeneration {unknown}
 g - a potion of cure mutation {unknown}
 h - a potion of invisibility {unknown}
 i - a potion of flight {unknown}
Comestibles
 c - 2 bread rations
 l - a chunk of flesh


   Skills:
 + Level 3.1 Fighting
   Level 2.1 Long Blades
 + Level 2.2 Armour
 + Level 1.3 Dodging
 + Level 2.8 Invocations


You had 2 spell levels left.
You didn't know any spells.

Dungeon Overview and Level Annotations

Branches:
Dungeon (1/15)

Altars:


Innate Abilities, Weirdness & Mutations

You have sharp toenails.
You are slightly more attuned to the shadows.


Message History

* * * LOW HITPOINT WARNING * * *
The rat barely misses you. The rat misses you. The rat bites you.
* * * LOW HITPOINT WARNING * * *
The rat closely misses you. The rat closely misses you. The rat bites you.
* * * LOW HITPOINT WARNING * * *
The rat barely misses you. The rat closely misses you.
The rat closely misses you. The rat barely misses you.
The rat closely misses you. The rat barely misses you. The rat bites you.
* * * LOW HITPOINT WARNING * * *
The rat completely misses you. The rat bites you.
You die...

#.#....##............# #.#..
######.##.#...............###.#.⌠
.......................###.......
######................# #.####..
#................# #.# ##..
###.........###.######.###..⌠
#.................##.........
#.#...............##.###.###.
#.#........r@........# #.....
#.#.()......###.####.# #.####
#.#.)............. ......#
#.......###.###.##########
#..##.#...#.# #.# #..#..###.#.#
#.# .####.##....#.#.###.#
.......÷.#.......##>#
#####.#..[.##.#..##.#


You could see a rat.

Vanquished Creatures
  A worm (D:1)
  A dart slug (D:1)
  A leopard gecko (D:1)
  2 goblins (D:1)
  6 hobgoblins (D:1)
  2 kobolds (D:1)
  3 bats (D:1)
  2 frilled lizards (D:1)
  3 rats (D:1)
21 creatures vanquished.

Notes
Turn   | Place    | Note
-------+----------+-------------------------------------------
     0 | Abyss:1  | paradoxae the Demonspawn Abyssal Knight began the quest for the Orb.
     0 | Abyss:1  | Reached XP level 1. HP: 18/18 MP: 2/2
     9 | D:1      | Escaped the Abyss
    23 | D:1      | Reached skill level 1 in Dodging
    82 | D:1      | Gained mutation: You have sharp toenails. [demonic ancestry]
    82 | D:1      | Reached XP level 2. HP: 22/24 MP: 3/3
   274 | D:1      | Reached ** piety under Lugonu
   688 | D:1      | Gained mutation: You are slightly more attuned to the shadows. [demonic ancestry]
   688 | D:1      | Reached XP level 3. HP: 5/29 MP: 5/5
   738 | D:1      | Slain by a rat

Skill      XL: |  1 |
---------------+----+-----
Dodging        | 1 |  1.3
Long Blades    | 2 |  2.1
Armour         | 2 |  2.2
Fighting       | |  3.1
Invocations    | |  2.8

Action                   || total
-------------------------++-------
Melee: Falchion          ||    55
       Kick              ||     5
Armor: Leather armour    ||     3
       Ring mail         ||     9
       Scale mail        ||     8
Dodge: Dodged            ||    35
       Rpst.: Falchion   ||     6
